 Dungeon Crawl Stone Soup version 0.28-a0-1147-gc7b72d3202 (webtiles) character file.

Game seed: 1261020174581489447

3481 Fortus the Grappler (level 9, 0/92 HPs)
             Began as a Troll Monk on Dec 14, 2021.
             Slain by a killer bee (1 damage)
             ... on level 9 of the Dungeon.
             The game lasted 00:09:05 (5040 turns).

Fortus the Grappler (Troll Monk)                    Turns: 5040, Time: 00:09:05

Health: 0/92       AC:  8    Str: 25    XL:     9   Next: 79%
Magic:  0/8        EV: 10    Int:  6    God:
Gold:   493        SH:  0    Dex: 12    Spells: 8/8 levels left

rFire   . . .      SeeInvis .     - Unarmed
rCold   . . .      Faith    .   (no shield)
rNeg    . . .      Spirit   +   a - +0 robe
rPois   .          Reflect  .   (helmet restricted)
rElec   .          Harm     .   (no cloak)
rCorr   .          Rampage  .   (gloves unavailable)
Will    +....                   (boots unavailable)
Stlth   ++........              e - amulet of guardian spirit
HPRegen 1.05/turn               b - +4 ring of protection
MPRegen 0.11/turn               f - ring of willpower

@: no status effects
A: large, unfitting armour, claws 3, regeneration 1, shaggy fur 1, tough skin 1
a: no special abilities


You were on level 9 of the Dungeon.
You visited 1 branch of the dungeon, and saw 9 of its levels.

You collected 493 gold pieces.

Inventory:

Armour
 a - a +0 robe (worn)
Jewellery
 b - a +4 ring of protection (left claw)
 e - an amulet of guardian spirit (around neck)
 f - a ring of willpower (right claw)
 k - a ring of wizardry
 p - a ring of positive energy
 s - an amulet of faith
 A - a ring of poison resistance
Wands
 j - a wand of iceblast (28) (quivered)
 u - a wand of acid (5)
 z - a wand of flame (25)
Scrolls
 g - a scroll of noise {unknown}
 h - 2 scrolls of acquirement {unknown}
 i - a scroll of fog {unknown}
 m - a scroll of fear {unknown}
 o - 3 scrolls of teleportation {unknown}
 q - 4 scrolls of identify {unknown}
 r - 2 scrolls of amnesia {unknown}
 y - a scroll of immolation {unknown}
Potions
 c - 2 potions of curing
 d - a potion of degeneration {unknown}
 l - a potion of mutation {unknown}
 n - 2 potions of magic {unknown}
 t - 2 potions of flight {unknown}
 v - a potion of ambrosia {unknown}
 w - a potion of brilliance {unknown}
 x - 2 potions of might {unknown}


   Skills:
 + Level 6.7 Fighting
 - Level 2.4 Dodging
 - Level 1.0 Stealth
 * Level 12.2 Unarmed Combat


You had 8 spell levels left.
You didn't know any spells.
Your spell library contained the following spells:

 Spells                   Type           Power      Damage    Failure   Level
 Static Discharge         Conj/Air       0%         N/A       58%         2
 Dispel Undead            Necr           0%         3d6       99%         4
 Sticky Flame             Conj/Fire      0%         2d3       99%         4


Dungeon Overview and Level Annotations

Branches:
Dungeon (9/15)
 Temple: D:4-7         Lair: D:8-11         Orc: D:9-12

Altars:
Cheibriados
Nemelex Xobeh
Okawaru
Vehumet

Shops:
D:3 [   D:7 *

Annotations:
D:4 1 runed translucent door, Peloso's ghost, novice MiFi
D:5 Eustachio
D:8 Grum; Harold


Innate Abilities, Weirdness & Mutations

You are too large for most types of armour.
You have claws for hands.
Your natural rate of healing is unusually fast.
You are covered in fur. (AC +1)
You have tough skin. (AC +1)


Message History

* * * LOW HITPOINT WARNING * * *
The wolf bites you but does no damage. The wolf barely misses you.
A killer bee comes into view.
The killer bee buzzes angrily.
A killer bee comes into view.
The wolf bites you but does no damage.
A killer bee comes into view.
It was a potion of curing.
You feel better. The wolf bites you.
* * * LOW HITPOINT WARNING * * *
The wolf bites you.
* * * LOW HITPOINT WARNING * * *
A killer bee comes into view.
A bullfrog comes into view.
The killer bee buzzes angrily.
The bullfrog gives a loud, deep croak!
The wolf bites you but does no damage. The killer bee barely misses you.
The killer bee closely misses you. The wolf bites you.
* * * LOW HITPOINT WARNING * * *
The bullfrog closely misses you.
The killer bee stings you but does no damage.
You claw the bullfrog!
The bullfrog is severely wounded.
The bullfrog hits you.
* * * LOW HITPOINT WARNING * * *
The killer bee closely misses you.
You closely miss the bullfrog.
The bullfrog is severely wounded.
The killer bee stings you.
* * * LOW HITPOINT WARNING * * *
The bullfrog hits you.
* * * LOW HITPOINT WARNING * * *
The wolf bites you.
* * * LOW HITPOINT WARNING * * *
The killer bee barely misses you.
You barely miss the bullfrog.
The bullfrog is severely wounded.
The bullfrog hits you.
* * * LOW HITPOINT WARNING * * *
The killer bee stings you.
You die...

###.# ..#.# ...#
.... ## ..# ...
#.# .. #F##
#.##@h##
##.###y.##
##...##y..#####
##..............
#........####...
..#......y......
# #>..##......##
...
##..###.....##
#..#...# ##.y..#


You could see a wolf, a bullfrog and 3 killer bees.

Vanquished Creatures
  Pikel (D:6)
  Joseph (D:7)
  Maggie (D:8)
  Grinder (D:6)
  Menkaure (D:6)
  A water moccasin (D:6)
  A hornet zombie (D:7)
  An ice beast (D:5)
  2 ogres
  2 wolves (D:8)
  2 phantoms (D:6)
  5 bullfrogs
  A scorpion (D:4)
  A wyvern zombie (D:6)
  6 killer bees (D:7)
  3 wights
  A bullfrog zombie (D:4)
  2 hounds (D:5)
  A centaur skeleton (D:7)
  3 iguanas
  3 orc wizards
  A killer bee zombie (D:7)
  A hound skeleton (D:4)
  A mummy (D:3)
  8 adders
  A howler monkey skeleton (D:7)
  3 gnolls (D:6)
  A shadow imp (D:6)
  An ufetubus (D:7)
  A worm (D:2)
  3 dart slugs (D:5)
  18 orcs
  2 ball pythons
  5 endoplasms
  4 giant cockroaches
  4 goblins
  6 hobgoblins
  2 quokkas
  A bat (D:1)
  3 frilled lizards (D:1)
  4 kobolds
  3 rats
113 creatures vanquished.

Notes
Turn   | Place    | Note
-------+----------+-------------------------------------------
     0 | D:1      | Fortus the Troll Monk began the quest for the Orb.
     0 | D:1      | Reached XP level 1. HP: 22/22 MP: 0/0
    74 | D:1      | Found a faded altar of an unknown god.
   392 | D:1      | Reached XP level 2. HP: 29/29 MP: 1/1
   574 | D:2      | Reached skill level 4 in Unarmed Combat
   790 | D:2      | Reached XP level 3. HP: 36/36 MP: 2/2
  1216 | D:3      | Reached XP level 4. HP: 44/44 MP: 3/3
  1221 | D:3      | Reached skill level 5 in Unarmed Combat
  1279 | D:3      | Found a snail-covered altar of Cheibriados.
  1361 | D:3      | Found Kuocky's Antique Armour Emporium.
  1638 | D:4      | Noticed a scorpion
  1657 | D:4      | Killed a scorpion
  1658 | D:4      | Reached skill level 6 in Unarmed Combat
  1658 | D:4      | Reached XP level 5. HP: 50/50 MP: 2/4
  1764 | D:4      | Found a runed translucent door.
  1770 | D:4      | Noticed Peloso's ghost (novice MiFi)
  2160 | D:4      | Reached XP level 6. HP: 57/59 MP: 5/5
  2553 | D:5      | Entered Level 5 of the Dungeon
  2554 | D:5      | Noticed an ice beast
  2567 | D:5      | Killed an ice beast
  2568 | D:5      | Reached skill level 7 in Unarmed Combat
  2620 | D:5      | Found a sparkling altar of Nemelex Xobeh.
  2660 | D:5      | Reached XP level 7. HP: 60/67 MP: 6/6
  2723 | D:5      | Noticed Eustachio
  2760 | D:6      | Noticed Pikel
  2777 | D:6      | Killed Pikel
  2778 | D:6      | Reached skill level 9 in Unarmed Combat
  2778 | D:6      | Reached XP level 8. HP: 68/79 MP: 4/7
  3070 | D:6      | Noticed Grinder
  3077 | D:6      | Killed Grinder
  3093 | D:6      | Reached skill level 5 in Fighting
  3126 | D:6      | Noticed Menkaure
  3137 | D:6      | Killed Menkaure
  3138 | D:6      | Reached skill level 10 in Unarmed Combat
  3667 | D:6      | Found an iron altar of Okawaru.
  3761 | D:7      | Reached XP level 9. HP: 65/88 MP: 3/8
  3912 | D:7      | Found Ithrohun's Overcharged Wands.
  3917 | D:7      | Noticed Joseph
  4437 | D:7      | Killed Joseph
  4438 | D:7      | Reached skill level 11 in Unarmed Combat
  4767 | D:8      | Found a radiant altar of Vehumet.
  4943 | D:8      | Noticed Maggie
  4950 | D:8      | Killed Maggie
  4951 | D:8      | Reached skill level 12 in Unarmed Combat
  4982 | D:8      | Noticed Grum
  4982 | D:8      | Noticed Harold
  5021 | D:8      | HP: 4/92 [wolf[Grum] (4)]
  5029 | D:9      | HP: 3/92 [wolf[Grum] (5)]
  5039 | D:9      | HP: 4/92 [wolf[Grum] (2)]
  5040 | D:9      | HP: 1/92 [bullfrog (4)]
  5040 | D:9      | Slain by a killer bee

Illustrated notes

Levels and vault maps discovered:
D:1:      lightli_arrival_maybe_door_vault, layout_basic,
          basic_ecumenical_altar, serial_glass, glass_columns_b,
          glass_columns_a, feat_on_display, due_unseen_surprise, hex_large
D:2:      layout_basic, kennysheep_generic_room_3
D:3:      layout_rooms, slow_altar_1, serial_shops, shop_statue
D:4:      layout_loops_corners, ebering_ghost_reflecting_pool,
          minmay_fountain_box
D:5:      kennysheep_slugbush, layout_cave_pools,
          nemelex_xobeh_ov_fountains_minmay, minmay_temple_entry_butterflies,
          st_stairs_13, uniq_eustachio
D:6:      layout_loops_corners, pf_just_have_faith, uniq_pikel, uniq_menkaure,
          uniq_grinder
D:7:      layout_rooms, nicolae_shop_overcharged_wands, uniq_joseph
D:8:      layout_basic, vehumet_altar_wand_db, enter_bailey_3, uniq_grum,
          uniq_maggie, uniq_maurice, uniq_harold
D:9:      minmay_the_grid_octo_2x2 [minmay_the_grid_octo_pinwheel,
          minmay_the_grid_octo_shrine, minmay_the_grid_octo_chip,
          minmay_the_grid_octo_prize_single_spiral], layout_layer_cave,
          trog_ov_bears_minmay, kennysheep_mini, kennysheep_mini_moat,
          erik_lair_island, minivault_13, uniq_psyche

Skill      XL: |  1  2  3  4  5  6  7  8  9 |
---------------+----------------------------+-----
Unarmed Combat | 4 6 7 9 10 12 | 12.2
Fighting       | 3 4 5 6 |  6.7
Dodging        | |  2.4
Stealth        | |  1.0

Action                   |  1- 3 |  4- 6 |  7- 9 || total
-------------------------+-------+-------+-------++-------
Melee: Unarmed           |    71 |   103 |   201 ||   375
       Punch             |     1 |     1 |     8 ||    10
  Use: Potion            |       |       |     1 ||     1
 Stab: Sleeping          |     1 |       |     1 ||     2
Armor: Robe              |    18 |    35 |    58 ||   111
Dodge: Dodged            |    29 |    41 |   103 ||   173

Table legend: (Time is in decaauts)
 A = Elapsed time spent in this place.
 B = Non-inter-level travel time spent in this place.
 C = Inter-level travel time spent in this place.
 D = Time resting spent in this place.
 E = Time spent auto-exploring this place.
 F = Levels seen in this place.
 G = Mean time per level.
                   A        B        C        D        E       F      G
               +--------+--------+--------+--------+--------+-----+--------+
         Total |   4989 |   4700 |    289 |    256 |   3544 |   9 |  554.3 |
       Dungeon |   4989 |   4700 |    289 |    256 |   3544 |   9 |  554.3 |
               +--------+--------+--------+--------+--------+-----+--------+

Top non-repeatable levels by time:
     D:6: 1288 daAuts
     D:4: 919 daAuts
     D:7: 702 daAuts
     D:2: 618 daAuts
     D:1: 542 daAuts
     D:3: 460 daAuts
     D:8: 258 daAuts
     D:5: 187 daAuts
     D:9: 12 daAuts
